 Dungeon Crawl Stone Soup version 0.25-a0-661-g55ea3d2053 (webtiles) character file.

Game seed: 4497372661002124303, levelgen mode: deterministic

1998 Lauz the Destroyer (level 8, 0/57 HPs)
             Began as a Demigod Conjurer on Mar 23, 2020.
             Slain by an orc warrior
             ... wielding a +0 glaive of venom
              (16 damage)
             ... on level 8 of the Dungeon.
             The game lasted 00:26:13 (7571 turns).

Lauz the Destroyer (Demigod Conjurer)               Turns: 7571, Time: 00:26:13

Health: 0/57       AC:  5    Str:  9 (11) XL:     8   Next: 71%
Magic:  17/21      EV: 12    Int: 22 (23) God:
Gold:   395        SH:  0    Dex: 14 (16) Spells: 9/20 levels left

rFire    . . .     SeeInvis .   i - +4 spear
rCold    . . .     Gourm    .   (no shield)
rNeg     . . .     Faith    .   a - +0 robe
rPois    +         Spirit   .   n - +0 helmet
rElec    .         Reflect  .   f - +0 cloak
rCorr    .         Harm     .   s - +0 pair of gloves
MR       .....                  (no boots)
Stlth    ++........             (no amulet)
HPRegen  0.19/turn              H - ring of poison resistance
MPRegen  0.17/turn              (no ring)

@: marked, hasted, very quick
A: high mp 1
a: no special abilities


You were on level 8 of the Dungeon.
You were not hungry.

You visited 2 branches of the dungeon, and saw 11 of its levels.

You collected 395 gold pieces.

Inventory:

Hand Weapons
 i - a +4 spear (weapon)
Armour
 a - a +0 robe (worn)
 f - a +0 cloak (worn)
 n - a +0 helmet (worn)
 s - a +0 pair of gloves (worn)
 B - a +0 pair of gloves
Jewellery
 y - an uncursed amulet of guardian spirit
 H - a ring of poison resistance (left hand)
Wands
 k - a wand of acid (10)
 D - a wand of digging (7)
 E - a wand of paralysis (9)
Scrolls
 g - 6 scrolls of identify
 h - 2 scrolls of enchant armour {unknown}
 l - 3 scrolls of remove curse {unknown}
 o - a scroll of blinking {unknown}
 q - 3 scrolls of fog
 t - 2 scrolls of teleportation {unknown}
 u - 2 scrolls of enchant weapon
 v - a scroll of random uselessness {unknown}
 w - a scroll of magic mapping {unknown}
 x - a scroll of fear {unknown}
 C - 2 scrolls of amnesia {unknown}
Potions
 b - 2 potions of haste
 d - a potion of curing
 e - a potion of ambrosia {unknown}
 j - a potion of mutation {unknown}
 m - a potion of heal wounds {unknown}
 p - a potion of lignification {unknown}
 r - 3 potions of degeneration
 z - a potion of stabbing {unknown}
 A - a potion of flight {unknown}
 F - a potion of might {unknown}
Comestibles
 c - 13 rations
 G - 3 chunks of flesh


   Skills:
 + Level 1.3 Polearms
 + Level 2.2 Dodging
 - Level 2.0 Stealth
 + Level 6.5 Spellcasting
 * Level 8.8 Conjurations


You had 9 spell levels left.
You knew the following spells:

 Your Spells              Type           Power        Failure   Level  Hunger
a - Magic Dart            Conj           ####         1%          1    None
b - Searing Ray           Conj           #####.       1%          2    None
c - Summon Lightning Spi  Summ/Air       #.......     65%         4    ###....
d - Fulminant Prism       Conj/Hex       ####......   14%         4    ###....

Your spell library contained the following spells:

 Spells                   Type           Power        Failure   Level  Hunger
 Dazzling Flash           Conj/Hex       ####..       4%          3    #......
 Iskenderun's Mystic Bla  Conj/Tloc      ####....     14%         4    ###....
 Conjure Ball Lightning   Conj/Air       ####......   91%         6    ######.
 Silence                  Hex/Air        #.........   94%         5    #####..
 Deflect Missiles         Chrm/Air       #.........   100%        6    ######.
 Tornado                  Air            #.........   100%        9    #######


Dungeon Overview and Level Annotations

Branches:
Dungeon (10/15)            Temple (1/1) D:7
   Lair: D:8-11         Orc: D:9-12

Shops:
D:4 !

Annotations:
D:5 1 runed translucent door, zkyp's ghost, novice VSCK
D:8 Harold


Innate Abilities, Weirdness & Mutations

You have an increased reservoir of magic. (+10% MP)


Message History

The kobold hits you but does no damage.
You feel better. The kobold hits you but does no damage.
The quasit closely misses you. The quasit barely misses you.
The quasit closely misses you. Harold completely misses you.
You feel better. The kobold misses you. The quasit closely misses you.
The quasit claws you but does no damage. x2
The kobold closely misses you.
An adder comes into view.
As you read the scroll labeled FUTOFIURON, it crumbles to dust.
It is a scroll of enchant weapon.
Your +3 spear glows red for a moment.
Harold points at you and mumbles some strange words.
The mark upon you grows brighter. The quasit bites you.
* * * LOW HITPOINT WARNING * * *
The quasit claws you but does no damage. x2
The kobold closely misses you.
As you read the scroll labeled CER JUTROI, it crumbles to dust.
The scroll dissolves into smoke.
It was a scroll of fog.
The orc warrior hits you from afar with a +0 glaive of venom!
You die...

#.#...# #.#
#.#...#########.#
##...............#
#..............###
#..............#
#K(............#
#KK§...........#
#@KK...........#
#@KK...........#
+5g§...........#
.#.####§o§)..........#
...g..S<..[[.........#
.#.####...........(..#
.........[........[##
#..####.##########(# #
#..........#)#
#.########.#.#


You could see Harold, an orc warrior, a big kobold, a quasit, a hobgoblin and 6
kobolds.

Vanquished Creatures
  Prince Ribbit (D:5)
  An orc warrior (D:8)
  A phantom (D:4)
  A sky beast (D:6)
  An ice beast (D:8)
  A necrophage (D:5)
  2 centaurs (D:6)
  A crocodile (D:9)
  3 scorpions
  3 crimson imps
  3 hounds
  3 orc priests
  7 orc wizards
  8 worker ants
  2 iguanas (D:4)
  2 worker ant zombies (D:5)
  11 adders
  A howler monkey skeleton (D:7)
  5 worms
  3 dart slugs (D:1)
  5 leopard geckos
  18 orcs
  4 bats
  8 giant cockroaches
  5 goblins
  6 hobgoblins
  7 jackals
  3 quokkas
  4 ball pythons
  12 frilled lizards
  A jackal zombie (D:6)
  4 kobolds
  A leopard gecko skeleton (D:6)
  7 rats
145 creatures vanquished.

Vanquished Creatures (others)
  A fulminant prism (D:8)
1 creature vanquished.

Grand Total: 146 creatures vanquished

Notes
Turn   | Place    | Note
-------+----------+-------------------------------------------
     0 | D:1      | Lauz the Demigod Conjurer began the quest for the Orb.
     0 | D:1      | Reached XP level 1. HP: 14/14 MP: 5/5
   235 | D:1      | Reached skill level 4 in Conjurations
   269 | D:1      | Reached XP level 2. HP: 19/20 MP: 0/7
   917 | D:1      | Reached XP level 3. HP: 24/26 MP: 4/8
  1228 | D:2      | Learned a level 2 spell: Searing Ray
  1613 | D:2      | You fall into a shaft and drop 1 floor!
  1806 | D:3      | Reached XP level 4. HP: 33/33 MP: 7/10
  2256 | D:4      | Found Qigeos's Distillery.
  2293 | D:4      | Reached skill level 5 in Conjurations
  2295 | D:4      | Reached XP level 5. HP: 25/38 MP: 7/12
  2690 | D:4      | Noticed a phantom
  2696 | D:4      | Killed a phantom
  2696 | D:4      | Reached XP level 6. HP: 28/45 MP: 6/14
  3355 | D:5      | Entered Level 5 of the Dungeon
  3359 | D:5      | Reached skill level 6 in Conjurations
  3403 | D:5      | Noticed Prince Ribbit
  3412 | D:5      | Killed Prince Ribbit
  3412 | D:5      | Reached skill level 5 in Spellcasting
  3412 | D:5      | Reached XP level 7. HP: 31/50 MP: 5/17
  3555 | D:5      | Found a runed translucent door.
  3580 | D:5      | Reached skill level 1 in Polearms
  3880 | D:5      | Reached skill level 7 in Conjurations
  4562 | D:5      | Noticed zkyp's ghost (novice VSCK)
  5015 | D:6      | Reached XP level 8. HP: 19/57 MP: 15/19
  5591 | D:6      | Reached skill level 8 in Conjurations
  6050 | D:7      | You fall into a shaft and drop 3 floors!
  6050 | D:10     | Entered Level 10 of the Dungeon
  6055 | D:9      | Noticed a troll
  6154 | D:9      | Learned a level 4 spell: Summon Lightning Spire
  6871 | D:7      | Found a staircase to the Ecumenical Temple.
  6882 | Temple   | Entered the Ecumenical Temple
  7459 | D:7      | Learned a level 4 spell: Fulminant Prism
  7536 | D:8      | Noticed Harold
  7571 | D:8      | Slain by an orc warrior

Levels and vault maps discovered:
D:1:      dpeg_arrival_windows_large_door, layout_rooms
D:2:      layout_basic, grunt_decor_one_mirror
D:3:      layout_rooms
D:4:      layout_basic, first_ration, serial_shops, shop, minmay_vboxes
D:5:      layout_basic, ebering_ghost_sewer_d, uniq_prince_ribbit1
D:6:      layout_basic
D:7:      layout_cave_pools, temple_green
D:8:      layout_basic, vehumet_altar_wand_db, due_lair_maze_entry_diamond,
          uniq_harold
D:9:      layout_rooms, serial_shops, shop, uniq_psyche
D:10:     layout_cross, erik_orc_3, grunt_tengu_nest, lemuel_hellish_altar,
          uniq_erica
Temple:   kilobyte_greek_temple

Skill      XL: |  1  2  3  4  5  6  7  8 |
---------------+-------------------------+-----
Conjurations   | 4 5 6 7 8 |  8.8
Spellcasting   | 2 3 5 6 |  6.5
Stealth        | 2 |  2.0
Dodging        | 2 |  2.2
Polearms       | 1 |  1.3

Action                   |  1- 3 |  4- 6 |  7- 9 || total
-------------------------+-------+-------+-------++-------
Melee: Unarmed           |     9 |       |       ||     9
       Spear             |     3 |     1 |    13 ||    17
 Cast: Magic Dart        |   114 |    47 |   115 ||   276
       Searing Ray       |       |    15 |    34 ||    49
       Fulminant Prism   |       |       |     1 ||     1
  Use: Potion            |       |       |     5 ||     5
       Scroll            |       |       |     3 ||     3
 Stab: Sleeping          |       |     1 |       ||     1
  Eat: Chunk             |     4 |     4 |    10 ||    18
       Ration            |       |       |     1 ||     1
Armor: Robe              |     7 |     3 |    27 ||    37
Dodge: Dodged            |    10 |     4 |    53 ||    67

Table legend:
 A = Non-vault XP
 B = Vault XP
 C = Vault XP percentage of total XP
 D = Non-vault monster count
 E = Vault monster count
 F = Vault count percentage of total count
                 A         B        C        D         E       F
            +---------+---------+-------+---------+---------+-------
      Total |    2478 |     377 |  13.2 |     139 |       6 |   4.1
            +---------+---------+-------+---------+---------+-------
        D:1 |      49 |       0 |   0.0 |      28 |       0 |   0.0
        D:2 |      36 |       0 |   0.0 |      16 |       0 |   0.0
        D:3 |      51 |       0 |   0.0 |      20 |       0 |   0.0
        D:4 |     487 |     131 |  21.2 |      16 |       5 |  23.8
        D:5 |     559 |     246 |  30.6 |      27 |       1 |   3.6
        D:6 |     562 |       0 |   0.0 |      11 |       0 |   0.0
        D:7 |     140 |       0 |   0.0 |       9 |       0 |   0.0
        D:8 |     429 |       0 |   0.0 |       8 |       0 |   0.0
        D:9 |     165 |       0 |   0.0 |       4 |       0 |   0.0
            +---------+---------+-------+---------+---------+-------
